 Dungeon Crawl Stone Soup version 0.24.0-13-gcf9b319 (webtiles) character file.

Game seed: 10442247188790922906, levelgen mode: deterministic

1983 Bronimir the Firebug (level 9, -32/55 HPs)
             Began as an Octopode Fire Elementalist on Apr 19, 2020.
             Was an Initiate of Vehumet.
             Annihilated by a white ugly thing (34 damage)
             ... on level 6 of the Dungeon on Apr 20, 2020.
             The game lasted 00:22:30 (6858 turns).

Bronimir the Firebug (Octopode Fire Elementalist)   Turns: 6858, Time: 00:22:31

Health: -32/55     AC:  1    Str:  7    XL:     9   Next: 20%
Magic:  2/16       EV: 15    Int: 21    God:    Vehumet [......]
Gold:   306        SH:  0    Dex: 12    Spells: 3/18 levels left

rFire    . . .     SeeInvis .   b - +2 shortbow (freeze)
rCold    . . .     Gourm    .   (shield currently unavailable)
rNeg     . . .     Faith    .   (helmet restricted)
rPois    +         Spirit   .   h - amulet of the acrobat
rElec    .         Reflect  .   q - ring of poison resistance
rCorr    .         Harm     .   (no ring)
MR       .....                  (no ring)
Stlth    +++.......             (no ring)
HPRegen  0.18/turn              (no ring)
MPRegen  0.15/turn              (no ring)
                                (no ring)
                                (no ring)

@: no status effects
A: almost no armour, stealthy swim, amphibious, 8 rings, constrict 8, camouflage
1, gelatinous body 1
a: Renounce Religion


You were on level 6 of the Dungeon.
You worshipped Vehumet.
Vehumet was noncommittal.
You were very hungry.

You visited 2 branches of the dungeon, and saw 7 of its levels.

You collected 306 gold pieces.

Inventory:

Hand Weapons
 a - a +1 hunting sling
 b - a +2 shortbow of freezing (weapon)
 i - a +1 whip of freezing
 j - a +0 glaive
 m - a +2 hand axe of flaming
 s - a +0 shortbow
Missiles
 c - 108 stones
 k - 43 arrows (quivered)
 n - 36 bolts
 u - 34 sling bullets
Jewellery
 h - an amulet of the acrobat (around mantle)
 q - a ring of poison resistance (left tentacle)
 x - an uncursed ring of protection from magic {unknown}
Wands
 f - a wand of paralysis (1)
 t - a wand of flame (12)
 y - a wand of acid (17)
Scrolls
 g - 7 scrolls of identify
 l - a scroll of random uselessness
 o - a scroll of magic mapping
 r - 2 scrolls of blinking {unknown}
 w - a scroll of enchant armour
Potions
 d - a potion of agility
 p - a potion of curing
Comestibles
 e - 7 rations
 v - 3 chunks of flesh


   Skills:
 * Level 2.4 Fighting
 + Level 5.0 Slings
 + Level 1.1 Bows
 * Level 4.8 Dodging
 - Level 3.4 Stealth
 * Level 5.2 Spellcasting
 * Level 4.6 Conjurations
 * Level 6.0 Fire Magic


You had 3 spell levels left.
You knew the following spells:

 Your Spells              Type           Power        Failure   Level  Hunger
a - Flame Tongue          Conj/Fire      ####.        1%          1    None
b - Throw Flame           Conj/Fire      ####..       1%          2    None
c - Conjure Flame         Conj/Fire      ####....     3%          3    ##.....
d - Sticky Flame          Conj/Fire      ####....     12%         4    ####...
e - Fireball              Conj/Fire      ####......   32%         5    #####..

Your spell library contained the following spells:

 Spells                   Type           Power        Failure   Level  Hunger
 Inner Flame              Hex/Fire       ###.....     9%          3    ##.....


Dungeon Overview and Level Annotations

Branches:
Dungeon (6/15)             Temple (1/1) D:5

Altars:
Ashenzari
Elyvilon
Fedhas
Hepliaklqana
Kikubaaqudgha
Nemelex Xobeh
Qazlal
Ru
Vehumet
Wu Jian
Xom
Yredelemnul
Zin


Innate Abilities, Weirdness & Mutations

You cannot wear most types of armour.
You are very stealthy in the water. (Stealth+)
You are amphibious.
You can wear up to eight rings at the same time.
You can use your tentacles to constrict eight enemies at once.
Your skin changes colour to match your surroundings (Stealth+).
Your rubbery body absorbs attacks. (AC +1, EV +1)


Message History

Aiming: Sticky Flame (safe; 12% risk of failure)
Press: ? - help, Shift-Dir - straight line, f/p - red ugly thing
Aim: a red ugly thing (lightly wounded)
The sticky flame hits the red ugly thing.
The red ugly thing resists.
The red ugly thing is lightly wounded.
The red ugly thing tentacle-slaps you!
You are engulfed in flames!
Casting: Sticky Flame (safe; 12% risk of failure)
Confirm with . or Enter, or press ? or * to list all spells.
Aiming: Sticky Flame (safe; 12% risk of failure)
Press: ? - help, Shift-Dir - straight line, f/p - red ugly thing
Aim: a red ugly thing (lightly wounded)
The sticky flame hits the red ugly thing but does no damage.
The red ugly thing is lightly wounded.
You are feeling very hungry.
The white ugly thing claws you!
* * * LOW HITPOINT WARNING * * *
The white ugly thing freezes you!!
Ouch! That really hurt!
You die...

#...######......###..###....
..#..................##..#..#
.###.............u##.....# ..
## #........#....#####..## #
#.......####.## #..##
##...#...# #..## ##..# #
#..#####.# ##..#####..####.
###..#####รท#
#uu............# .#.........#
##@.....###.....#
...........# ##.....###
..#..# .#..####...###.....##
.## .# .#..## ###..#....#.# #
# .##..####..)...####.#
.##..##..####.## ..#
.......### #.# #.# .#######
### #. .# ..


You could see 2 ugly things.

Vanquished Creatures
  Pikel (D:5)
  Prince Ribbit (D:5)
  Sigmund (D:4)
  An orc warrior (D:6)
  A sky beast (D:5)
  2 phantoms (D:4)
  3 centaurs (D:5)
  A bullfrog (D:6)
  A scorpion (D:4)
  A howler monkey (D:6)
  A hound (D:5)
  A bullfrog zombie (D:5)
  3 orc wizards
  3 orc priests
  A worker ant (D:4)
  An iguana (D:4)
  A gnoll (D:6)
  2 adders
  A shadow imp (D:6)
  An ooze (D:5)
  An adder zombie (D:5)
  A worm (D:3)
  3 dart slugs
  6 leopard geckos
  13 orcs
  7 giant cockroaches
  8 goblins
  6 hobgoblins
  9 kobolds
  4 quokkas
  A ball python (D:4)
  7 bats
  5 frilled lizards
  7 rats
106 creatures vanquished.

Notes
Turn   | Place    | Note
-------+----------+-------------------------------------------
     0 | D:1      | Bronimir the Octopode Fire Elementalist began the quest for
                  | the Orb.
     0 | D:1      | Reached XP level 1. HP: 11/11 MP: 3/3
   289 | D:1      | Reached XP level 2. HP: 17/17 MP: 0/5
  1037 | D:1      | Learned a level 2 spell: Throw Flame
  1051 | D:2      | Reached XP level 3. HP: 21/21 MP: 6/6
  1551 | D:2      | Found a shattered altar of Ashenzari.
  1839 | D:3      | Reached skill level 1 in Slings
  1839 | D:3      | Reached XP level 4. HP: 27/27 MP: 4/7
  1871 | D:2      | Reached XP level 5. HP: 17/32 MP: 0/8
  2948 | D:4      | Found a shattered altar of Ashenzari.
  3089 | D:4      | Reached skill level 1 in Fighting
  3379 | D:4      | Noticed Sigmund
  3405 | D:4      | Killed Sigmund
  3405 | D:4      | Reached XP level 6. HP: 38/38 MP: 5/10
  3714 | D:4      | Learned a level 3 spell: Conjure Flame
  3719 | D:4      | Learned a level 4 spell: Sticky Flame
  3738 | D:4      | Noticed Pikel
  3738 | D:4      | Noticed a slave
  3738 | D:4      | Noticed a slave
  3738 | D:4      | Noticed a slave
  3738 | D:4      | Paralysed by Pikel for 3 turns
  3740 | D:4      | Noticed a slave
  3793 | D:4      | Paralysed by Pikel for 3 turns
  3833 | D:4      | Noticed a phantom
  3845 | D:4      | Paralysed by Pikel for 5 turns
  3999 | D:5      | Entered Level 5 of the Dungeon
  4014 | D:5      | Killed Pikel
  4014 | D:5      | Reached skill level 4 in Fire Magic
  4014 | D:5      | Reached XP level 7. HP: 22/44 MP: 0/12
  4218 | D:4      | Found an ancient bone altar of Kikubaaqudgha.
  4256 | D:4      | Reached XP level 8. HP: 39/50 MP: 9/13
  4879 | D:5      | Noticed Prince Ribbit
  4886 | D:5      | Killed Prince Ribbit
  4886 | D:5      | Reached skill level 5 in Fire Magic
  4901 | D:5      | Reached skill level 5 in Slings
  6057 | D:5      | Found a staircase to the Ecumenical Temple.
  6074 | Temple   | Entered the Ecumenical Temple
  6087 | Temple   | Became a worshipper of Vehumet
  6172 | D:5      | Reached XP level 9. HP: 44/54 MP: 9/16
  6379 | D:5      | Learned a level 5 spell: Fireball
  6490 | D:6      | Found an ornate altar of the Wu Jian Council.
  6595 | D:6      | Reached skill level 5 in Spellcasting
  6609 | D:6      | Reached skill level 6 in Fire Magic
  6718 | D:6      | Reached skill level 1 in Bows
  6831 | D:6      | Noticed a purple ugly thing
  6834 | D:6      | Noticed a red ugly thing
  6858 | D:6      | HP: 2/55 [white ugly thing (16)]
  6858 | D:6      | Annihilated by a white ugly thing

Levels and vault maps discovered:
D:1:      minmay_arrival_nine_rooms, layout_basic, nrook_mini_backslash
D:2:      layout_rooms, lemuel_round_altar, first_ration, minmay_misc_feat_room
D:3:      layout_loops_ring, kennysheep_nondescript
D:4:      layout_cave_pods, lemuel_coloured_pillars_altar,
          cheibrodos_ashenzari_chains, uniq_pikel, uniq_sigmund
D:5:      layout_basic, temple_green, nrook_pool_corridor,
          kennysheep_generic_room_12, uniq_prince_ribbit1
D:6:      cheibrodos_fzero, layout_layer_cave,
          nicolae_overflow_quartered_altars, minivault_11, lemuel_tele_altar
Temple:   eino_temple_lava

Skill      XL: |  1  2  3  4  5  6  7  8  9 |
---------------+----------------------------+-----
Stealth        | 3 |  3.4
Slings         | 1 3 4 5 |  5.0
Dodging        | 3 4 |  4.8
Conjurations   | 2 3 4 |  4.6
Fighting       | 1 2 |  2.4
Spellcasting   | 3 4 5 |  5.2
Fire Magic     | 4 5 6 |  6.0
Bows           | 1 |  1.1

Action                   |  1- 3 |  4- 6 |  7- 9 || total
-------------------------+-------+-------+-------++-------
Melee: Unarmed           |     7 |       |       ||     7
       Tentacles         |     2 |       |       ||     2
       Constrict         |     1 |       |       ||     1
 Fire: Hunting sling     |    76 |    67 |    23 ||   166
       Shortbow          |       |       |    29 ||    29
 Cast: Flame Tongue      |    36 |    50 |    39 ||   125
       Sticky Flame      |       |     1 |    19 ||    20
       Throw Flame       |       |       |    15 ||    15
  Use: Scroll            |     1 |     7 |       ||     8
       Potion            |       |     7 |       ||     7
 Stab: Sleeping          |     1 |       |       ||     1
  Eat: Chunk             |     3 |     6 |     9 ||    18
       Ration            |       |       |     1 ||     1
Armor: Skin              |     6 |     6 |       ||    12
Dodge: Dodged            |    25 |    29 |    41 ||    95
